 Dungeon Crawl Stone Soup version 0.21-a0-251-g5e8393f (webtiles) character file.

197 KristoblXynda the Digger (level 5, -6/45 HPs)
             Began as a Troll Earth Elementalist on Sept 5, 2017.
             Was an Initiate of Cheibriados.
             Mangled by a two-headed ogre
             ... wielding a +0 giant club
              (18 damage)
             ... on level 4 of the Dungeon.
             The game lasted 00:04:18 (2157 turns).

KristoblXynda the Digger (Troll Earth Elementalist) Turns: 2157, Time: 00:04:19

Health: -6/45      AC:  5    Str: 17    XL:     5   Next: 46%
Magic:  5/5        EV: 15    Int: 13    God:    Cheibriados [......]
Gold:   86         SH:  0    Dex: 16    Spells: 3/6 levels left

rFire    . . .     SeeInvis .     - Unarmed
rCold    . . .     Gourm    +   (no shield)
rNeg     . . .     Faith    .   c - +0 robe
rPois    .         Spirit   .   (helmet restricted)
rElec    .         Reflect  .   (no cloak)
rCorr    .         Harm     .   (gloves unavailable)
MR       .....                  (boots unavailable)
Stlth    +++.......             (no amulet)
HPRegen  0.55/turn              (no ring)
MPRegen  0.09/turn              (no ring)

@: agile, very slow
A: unfitting armour, claws 3, fast metabolism 3, gourmand, regeneration 1,
shaggy fur 1, tough skin 2
a: Bend Time, Renounce Religion


You were on level 4 of the Dungeon.
You worshipped Cheibriados.
Cheibriados was noncommittal.
You were hungry.

You visited 1 branch of the dungeon, and saw 4 of its levels.

You collected 86 gold pieces.

Inventory:

Armour
 c - a +0 robe (worn)
Scrolls
 a - 3 scrolls of identify {unknown}
 f - a scroll of recharging {unknown}
 i - a scroll of blinking {unknown}
 k - 6 scrolls of remove curse {unknown}
 l - a scroll of amnesia {unknown}
 n - 2 scrolls of enchant weapon {unknown}
 r - a scroll of teleportation {unknown}
Potions
 g - a potion of brilliance
 j - a potion of degeneration {unknown}
 m - a potion of might {unknown}
Books
 e - a book of Geomancy

   Spells                             Type                      Level
   a - Sandblast                      Earth                        1
   b - Passwall                       Transmutation/Earth          2
   c - Stone Arrow                    Conjuration/Earth            3
   d - Petrify                        Transmutation/Earth          4
   e - Lee's Rapid Deconstruction     Earth                        5
Comestibles
 b - a royal jelly
 d - 4 bread rations
 h - 2 meat rations


   Skills:
 - Level 1.5 Dodging
 - Level 1.0 Stealth
 + Level 3.5 Unarmed Combat
 - Level 1.2 Spellcasting
 - Level 0.6 Transmutations
 + Level 4.4 Earth Magic


You had 3 spell levels left.
You knew the following spells:

 Your Spells              Type           Power        Failure   Level  Hunger
a - Sandblast             Erth           ##....       4%          1    ##.....
b - Passwall              Tmut/Erth      #.........   14%         2    ###....


Dungeon Overview and Level Annotations

Branches:
Dungeon (4/15)
 Temple: D:4-7

Altars:
Cheibriados
Fedhas
Gozag


Innate Abilities, Weirdness & Mutations

You are too large for most types of armour.
You have claws for hands.
Your metabolism is lightning-fast.
You like to eat raw meat.
Your natural rate of healing is unusually fast.
You are covered in fur. (AC +1)
You have very tough skin. (AC +2)


Message History

Found a robe.
You closely miss the hound. The hound closely misses you.
The hound bites you but does no damage.
You closely miss the hound. The hound bites you.
You scratch the hound but do no damage. The hound bites you but does no damage.
You feel agile all of a sudden.
You claw the two-headed ogre!
The two-headed ogre is moderately wounded.
The two-headed ogre hits you with a giant club!!
Ouch! That really hurt!
The two-headed ogre hits you with a giant spiked club!
* * * LOW HITPOINT WARNING * * *
You scratch the two-headed ogre.
The two-headed ogre is moderately wounded.
Unknown command.
You scratch the two-headed ogre.
The two-headed ogre is heavily wounded.
The two-headed ogre completely misses you.
The two-headed ogre hits you with a giant spiked club!!
You die...

#####.# .[...#
....... .....
....%. ....
#....#?.. #..#....
...... ..
#.O#####.# #
#####..@.....#. #
#..............
####
####.####.#..##.#.
....
..................
....
.............>.#.#
....
..###.####.....# #
#### #.#
#..........# #.#
##.............
#.# #.###....#####


You could see a two-headed ogre.

Vanquished Creatures
  A howler monkey (D:4)
  Jessica (D:3)
  A worker ant (D:4)
  2 adders (D:2)
  2 oozes
  3 worms
  3 dart slugs (D:2)
  2 leopard geckos
  5 orcs
  A giant cockroach (D:4)
  8 hobgoblins
  4 jackals
  6 kobolds
  A quokka (D:3)
  5 bats (D:2)
  4 frilled lizards
  4 goblins
  A leopard gecko skeleton (D:4)
  10 rats
64 creatures vanquished.

Notes
Turn   | Place    | Note
-------+----------+-------------------------------------------
     0 | D:1      | KristoblXynda the Troll Earth Elementalist began the quest for the Orb.
     0 | D:1      | Reached XP level 1. HP: 16/16 MP: 1/1
    94 | D:1      | Reached skill level 1 in Unarmed Combat
   104 | D:1      | Reached skill level 3 in Earth Magic
   104 | D:1      | Reached XP level 2. HP: 17/24 MP: 2/2
   177 | D:1      | You fall through a shaft!
   228 | D:2      | Found an opulent altar of Gozag.
   376 | D:2      | Learned a level 2 spell: Passwall
   444 | D:2      | Reached XP level 3. HP: 23/31 MP: 3/3
   883 | D:2      | Reached XP level 4. HP: 36/39 MP: 4/4
   913 | D:2      | Found a blossoming altar of Fedhas.
  1618 | D:3      | Noticed Jessica
  1624 | D:3      | Found a snail-covered altar of Cheibriados.
  1646 | D:3      | Killed Jessica
  1646 | D:3      | Reached skill level 4 in Earth Magic
  1651 | D:3      | Became a worshipper of Cheibriados the Contemplative
  1950 | D:4      | Reached XP level 5. HP: 39/45 MP: 5/5
  2149 | D:4      | Noticed a two-headed ogre
  2157 | D:4      | Mangled by a two-headed ogre

Vault maps used:
D:1:      lightli_arrival_maybe_door_vault, st_stairs_10
D:2:      kennysheep_six_static_rooms, lemuel_crystal_altar, lemuel_round_altar
D:3:      cheibriados_altar_1, uniq_jessica
D:4:      first_bread

Skill      XL: |  1  2  3  4 |
---------------+-------------+-----
Unarmed Combat | 1 2 3 |  3.5
Earth Magic    | 3 4 |  4.4
Dodging        | |  1.5
Stealth        | |  1.0
Spellcasting   | |  1.2
Transmutations | |  0.6

Action                   |  1- 3 |  4- 6 || total
-------------------------+-------+-------++-------
Melee: Unarmed           |    97 |    99 ||   196
       Punch             |     2 |     1 ||     3
  Use: Potion            |       |     6 ||     6
 Stab: Sleeping          |     2 |       ||     2
  Eat: Chunk             |    13 |     4 ||    17
Armor: Robe              |    43 |    27 ||    70
Dodge: Dodged            |    57 |    44 ||   101

Table legend:
 A = Spawn XP
 B = Non-spawn XP
 C = Spawn XP percentage of total XP
 D = Spawn monster count
 E = Non-spawn monster count
 F = Spawn count percentage of total count
 G = Total turns spent on level
                    A         B        C        D         E        F      G
               +---------+---------+-------+---------+---------+-------+---------
         Total |      26 |     256 |   9.2 |      10 |      54 |  15.6 |  2157
               +---------+---------+-------+---------+---------+-------+---------
           D:1 |       0 |      18 |   0.0 |       0 |      10 |   0.0 |   177
           D:2 |       8 |      83 |   8.8 |       4 |      28 |  12.5 |   994
           D:3 |      18 |      49 |  26.9 |       6 |       9 |  40.0 |   767
           D:4 |       0 |     106 |   0.0 |       0 |       7 |   0.0 |   219
               +---------+---------+-------+---------+---------+-------+---------
